ITL
HAVANA ROLLERS @ ALLENTOWN HILLBILLIES
10/03/2026
 
TOP OF THE 1ST
Havana Rollers batting - Pitching for Allentown Hillbillies : RHP Okura Oike
Pitching: RHP Okura Oike
Batting: LHB Jimmy Husted 0-0: Ball
1-0: Called Strike
1-1: Ground out 5-3 (Groundball, 56)
Batting: RHB Francisco Rincón 0-0: Ball
1-0: Swinging Strike
1-1: SINGLE (Groundball, 4MD)
Batting: LHB Enrique Cortéz 0-0: Grounds into double play, 4-6-3 (Groundball, 4)
Top of the 1st over - 0 run(s), 1 hit(s), 0 error(s), 0 left on base; Havana 0 - Allentown 0
BOTTOM OF THE 1ST
Allentown Hillbillies batting - Pitching for Havana Rollers : RHP Chandler Lindsey
Pitching: RHP Chandler Lindsey
Batting: LHB Miguel Colón 0-0: Foul Ball, location: 2F
0-1: Foul Ball, location: 2F
0-2: Foul Ball, location: 2F
0-2: Ball
1-2: Ball
2-2: Foul Ball, location: 2F
2-2: Foul Ball, location: 2F
2-2: SINGLE (Groundball, 6M) (infield hit)
Batting: RHB Chad Huggins 0-0: SINGLE (Groundball, 56D)
Miguel Colón to second
Batting: RHB Carl Brown 0-0: Ball
1-0: Called Strike
1-1: Ball
2-1: Swinging Strike
2-2: SINGLE (Groundball, 4MD)
Miguel Colón to third
Chad Huggins to second
Runner from 3rd tries for Home, SAFE, no throw or cutoff
Batting: RHB Wyatt McKinnon 0-0: Called Strike
0-1: Called Strike
0-2: Foul Ball, location: 2F
0-2: Strikes out swinging
Batting: RHB Millard Stark 0-0: Swinging Strike
0-1: Ball
1-1: Called Strike
1-2: Ball
2-2: Ball
3-2: Foul Ball, location: 2F
3-2: Foul Ball, location: 2F
3-2: Foul Ball, location: 2F
3-2: Foul Ball, location: 2F
3-2: Foul Ball, location: 2F
3-2: Base on Balls
Chad Huggins to third
Carl Brown to second
Batting: RHB Diego Rivera 0-0: Called Strike
0-1: Foul Ball, location: 2F
0-2: Ball
1-2: Foul Ball, location: 2F
1-2: Fly out, F9 (Line Drive, 9M)
Runner from 3rd tags up, SCORES, throw made
Batting: RHB Gustavo Ortíz 0-0: Ball
1-0: Ball
2-0: Ball
3-0: Called Strike
3-1: Foul Ball, location: 2F
3-2: Foul Ball, location: 2F
3-2: Strikes out looking
Bottom of the 1st over - 2 run(s), 3 hit(s), 0 error(s), 2 left on base; Havana 0 - Allentown 2
TOP OF THE 2ND
Havana Rollers batting - Pitching for Allentown Hillbillies : RHP Okura Oike
Batting: LHB Wilson Allen 0-0: Ball
1-0: Ball
2-0: Ground out U3 (Groundball, 3)
Batting: SHB Pepe Piña 0-0: Ball
1-0: Foul Ball, location: 2F
1-1: Ball
2-1: Ball
3-1: Base on Balls
Batting: RHB Salvador Borbón 0-0: Called Strike
0-1: Called Strike
0-2: Ball
1-2: DOUBLE (Line Drive, 78S)
Pepe Piña to third
Pinch Runner at 2nd Chad Case:
Batting: RHB Jack Bailey 0-0: Fly out, F3 (Popup, 4S)
Batting: LHB Gyu-sik Yi 0-0: Ball
1-0: Ball
2-0: Foul Ball, location: 2F
2-1: Swinging Strike
2-2: Strikes out swinging
Top of the 2nd over - 0 run(s), 1 hit(s), 0 error(s), 2 left on base; Havana 0 - Allentown 2
BOTTOM OF THE 2ND
Allentown Hillbillies batting - Pitching for Havana Rollers : RHP Chandler Lindsey
Now at SS: Chad Case
Batting: LHB Rafael Flores 0-0: Called Strike
0-1: Swinging Strike
0-2: Ball
1-2: SINGLE (Groundball, 13) (infield hit)
Batting: RHB Joel Jackson 0-0: Called Strike
0-1: Grounds into double play, 6-4-3 (Groundball, 6)
Batting: LHB Miguel Colón 0-0: SINGLE (Groundball, 56D)
Batting: RHB Chad Huggins 0-0: Called Strike
0-1: Ground out 5-3 (Groundball, 56)
Bottom of the 2nd over - 0 run(s), 2 hit(s), 0 error(s), 1 left on base; Havana 0 - Allentown 2
TOP OF THE 3RD
Havana Rollers batting - Pitching for Allentown Hillbillies : RHP Okura Oike
Batting: LHB José Torres 0-0: DOUBLE (Flyball, 78D)
Batting: LHB Jimmy Husted 0-0: Swinging Strike
0-1: Called Strike
0-2: Ball
1-2: Strikes out looking
Batting: RHB Francisco Rincón 0-0: Called Strike
0-1: Ball
1-1: Ball
2-1: DOUBLE (Groundball, 5L)
José Torres scores
Batting: LHB Enrique Cortéz 0-0: Ball
1-0: Fly out, F8 (Flyball, 8RD)
Batting: LHB Wilson Allen 0-0: Called Strike
0-1: Ball
1-1: Ball
2-1: Swinging Strike
2-2: Foul Ball, location: 2F
2-2: Ball
3-2: Foul Ball, location: 2F
3-2: Foul Ball, location: 2F
3-2: SINGLE (Groundball, 3D)
Francisco Rincón to third
Francisco Rincón scores
Batting: SHB Pepe Piña 0-0: Ball
1-0: Ball
2-0: Fly out, F8 (Flyball, 8LXD)
Top of the 3rd over - 2 run(s), 3 hit(s), 0 error(s), 1 left on base; Havana 2 - Allentown 2
BOTTOM OF THE 3RD
Allentown Hillbillies batting - Pitching for Havana Rollers : RHP Chandler Lindsey
Batting: RHB Carl Brown 0-0: Ball
1-0: Ball
2-0: Swinging Strike
2-1: Foul Ball, location: 2F
2-2: Foul Ball, location: 2F
2-2: Foul Ball, location: 2F
2-2: Strikes out swinging
Batting: RHB Wyatt McKinnon 0-0: Ball
1-0: Called Strike
1-1: Swinging Strike
1-2: Ball
2-2: Strikes out looking
Batting: RHB Millard Stark 0-0: Ball
1-0: Swinging Strike
1-1: Ball
2-1: Foul Ball, location: 2F
2-2: Foul Ball, location: 2F
2-2: Foul Ball, location: 2F
2-2: Foul Ball, location: 2F
2-2: SINGLE (Groundball, 56D)
Batting: RHB Diego Rivera 0-0: Ball
1-0: Ball
2-0: Ball
3-0: Base on Balls
Millard Stark to second
Batting: RHB Gustavo Ortíz 0-0: Ball
1-0: Ball
2-0: Swinging Strike
2-1: Ball
3-1: Base on Balls
Millard Stark to third
Diego Rivera to second
Batting: LHB Rafael Flores 0-0: Ball
1-0: Called Strike
1-1: Ball
2-1: Fly out, F8 (Flyball, 8LM)
Bottom of the 3rd over - 0 run(s), 1 hit(s), 0 error(s), 3 left on base; Havana 2 - Allentown 2
TOP OF THE 4TH
Havana Rollers batting - Pitching for Allentown Hillbillies : RHP Okura Oike
Batting: RHB Chad Case 0-0: Foul Ball, location: 2F
0-1: Foul Ball, location: 2F
0-2: Ball
1-2: Ball
2-2: Foul Ball, location: 2F
2-2: Foul Ball, location: 2F
2-2: Ball
3-2: Strikes out swinging
Batting: RHB Jack Bailey 0-0: Ground out 1-3 (Groundball, 13)
Batting: LHB Gyu-sik Yi 0-0: Ball
1-0: Fly out, F8 (Flyball, 8LM)
Top of the 4th over - 0 run(s), 0 hit(s), 0 error(s), 0 left on base; Havana 2 - Allentown 2
BOTTOM OF THE 4TH
Allentown Hillbillies batting - Pitching for Havana Rollers : RHP Chandler Lindsey
Batting: RHB Joel Jackson 0-0: Ball
1-0: Called Strike
1-1: Ball
2-1: Fly out, F8 (Flyball, 8RS)
Batting: LHB Miguel Colón 0-0: Ball
1-0: SINGLE (Groundball, 34D)
Batting: RHB Chad Huggins 0-0: Ball
Miguel Colón is caught stealing 2nd base
1-0: Ball
2-0: Called Strike
2-1: Ball
3-1: Called Strike
3-2: Foul Ball, location: 2F
3-2: Base on Balls
Batting: RHB Carl Brown 0-0: Ball
1-0: Foul Ball, location: 2F
1-1: Called Strike
1-2: Ball
2-2: Foul Ball, location: 2F
2-2: Ball
3-2: Base on Balls
Chad Huggins to second
Pitching: RHP Ramiro Piña
Batting: RHB Wyatt McKinnon 0-0: Ball
1-0: Ball
2-0: Ball
3-0: Called Strike
3-1: Foul Ball, location: 2F
3-2: Foul Ball, location: 2F
3-2: Strikes out swinging
Bottom of the 4th over - 0 run(s), 1 hit(s), 0 error(s), 2 left on base; Havana 2 - Allentown 2
TOP OF THE 5TH
Havana Rollers batting - Pitching for Allentown Hillbillies : RHP Okura Oike
Batting: LHB José Torres 0-0: Ball
1-0: Swinging Strike
1-1: Ball
2-1: Foul Ball, location: 2F
2-2: SINGLE (Line Drive, 4MD)
Batting: LHB Jimmy Husted 0-0: Ball
1-0: Ball
2-0: Ball
3-0: Called Strike
3-1: Fly out, F7 (Flyball, 7LM)
Batting: RHB Francisco Rincón 0-0: Fly out, F9 (Flyball, 9M)
Batting: LHB Enrique Cortéz 0-0: Ball
1-0: Fly out, F4 (Popup, 4MD)
Top of the 5th over - 0 run(s), 1 hit(s), 0 error(s), 1 left on base; Havana 2 - Allentown 2
BOTTOM OF THE 5TH
Allentown Hillbillies batting - Pitching for Havana Rollers : RHP Ramiro Piña
Batting: RHB Millard Stark 0-0: Swinging Strike
0-1: Foul Ball, location: 2F
0-2: Strikes out swinging
Batting: RHB Diego Rivera 0-0: Foul Ball, location: 2F
0-1: Called Strike
0-2: Strikes out swinging
Batting: RHB Gustavo Ortíz 0-0: Called Strike
0-1: Ball
1-1: Ball
2-1: Foul Ball, location: 2F
2-2: Strikes out swinging
Bottom of the 5th over - 0 run(s), 0 hit(s), 0 error(s), 0 left on base; Havana 2 - Allentown 2
TOP OF THE 6TH
Havana Rollers batting - Pitching for Allentown Hillbillies : RHP Okura Oike
Batting: LHB Wilson Allen 0-0: Ground out U3 (Groundball, 3L)
Batting: SHB Pepe Piña 0-0: Called Strike
0-1: Ball
1-1: Ball
2-1: Reached on Error, E8 (Flyball, 89M)
Pitching: RHP Pepe Fernández
Batting: RHB Chad Case 0-0: Ball
1-0: Foul Ball, location: 2F
1-1: Ball
2-1: Ball
3-1: Fly out, F8 (Flyball, 8RD)
Batting: RHB Jack Bailey Balk!
Pepe Piña to second
0-0: SINGLE (Groundball, 4MS)
Pepe Piña to third
Runner from 3rd tries for Home, SAFE, no throw or cutoff
Batting: LHB Gyu-sik Yi 0-0: Ball
1-0: Called Strike
Jack Bailey steals 2nd base
1-1: Ground out 4-3 (Groundball, 4)
Top of the 6th over - 1 run(s), 1 hit(s), 1 error(s), 1 left on base; Havana 3 - Allentown 2
BOTTOM OF THE 6TH
Allentown Hillbillies batting - Pitching for Havana Rollers : RHP Ramiro Piña
Batting: LHB Rafael Flores 0-0: Called Strike
0-1: Called Strike
0-2: Strikes out swinging
Batting: RHB Joel Jackson 0-0: Called Strike
0-1: Ball
1-1: Foul Ball, location: 2F
1-2: Ball
2-2: Foul Ball, location: 2F
2-2: Ball
3-2: Base on Balls
Batting: LHB Miguel Colón 0-0: Ball
1-0: Called Strike
1-1: Foul Ball, location: 2F
1-2: Strikes out swinging
Batting: RHB Chad Huggins 0-0: Called Strike
0-1: Ball
1-1: Foul Ball, location: 2F
1-2: SINGLE (Line Drive, 9S)
Joel Jackson to second
Batting: RHB Carl Brown 0-0: Ball
1-0: Ball
2-0: Ball
3-0: Called Strike
3-1: Called Strike
3-2: Base on Balls
Joel Jackson to third
Chad Huggins to second
Batting: RHB Wyatt McKinnon 0-0: Ball
1-0: Ball
2-0: Ground out 4-3 (Groundball, 4)
Bottom of the 6th over - 0 run(s), 1 hit(s), 0 error(s), 3 left on base; Havana 3 - Allentown 2
TOP OF THE 7TH
Havana Rollers batting - Pitching for Allentown Hillbillies : RHP Pepe Fernández
Batting: LHB José Torres 0-0: Ball
1-0: Called Strike
1-1: Ball
2-1: Foul Ball, location: 2F
2-2: Strikes out looking
Batting: LHB Jimmy Husted 0-0: Called Strike
0-1: Ball
1-1: Called Strike
1-2: Ball
2-2: Ball
3-2: Strikes out swinging
Batting: RHB Francisco Rincón 0-0: Ball
1-0: Ball
2-0: Ground out 4-3 (Groundball, 4MD)
Top of the 7th over - 0 run(s), 0 hit(s), 0 error(s), 0 left on base; Havana 3 - Allentown 2
BOTTOM OF THE 7TH
Allentown Hillbillies batting - Pitching for Havana Rollers : RHP Ramiro Piña
Pitching: RHP Charlie Alexander
Batting: RHB Millard Stark 0-0: Swinging Strike
0-1: Ball
1-1: Ball
2-1: Foul Ball, location: 2F
2-2: Strikes out swinging
Batting: RHB Diego Rivera 0-0: Foul Ball, location: 2F
0-1: Swinging Strike
0-2: Ball
1-2: Foul Ball, location: 2F
1-2: Strikes out looking
Batting: RHB Gustavo Ortíz 0-0: Ball
1-0: Called Strike
1-1: Ground out 4-3 (Groundball, 4)
Bottom of the 7th over - 0 run(s), 0 hit(s), 0 error(s), 0 left on base; Havana 3 - Allentown 2
TOP OF THE 8TH
Havana Rollers batting - Pitching for Allentown Hillbillies : RHP Pepe Fernández
Batting: LHB Enrique Cortéz 0-0: Foul Ball, location: 2F
0-1: Ball
1-1: SINGLE (Line Drive, 9S)
Batting: LHB Wilson Allen 0-0: Ball
1-0: Fly out, F8 (Flyball, 8LD)
Pitching: LHP Alejandro Castillo
Batting: SHB Pepe Piña 0-0: Ball
1-0: Called Strike
1-1: Ball
2-1: Foul Ball, location: 2F
2-2: Ground out 4-3 (Groundball, 13)
Enrique Cortéz to second
Now at 2B: Bartolo López
Batting: RHB Chad Case 0-0: Swinging Strike
0-1: Ball
1-1: Ball
2-1: Foul Ball, location: 2F
2-2: Foul Ball, location: 2F
2-2: Ball
3-2: Base on Balls
Batting: RHB Jack Bailey 0-0: Ball
1-0: Fly out, F3 (Popup, 34S)
Top of the 8th over - 0 run(s), 1 hit(s), 0 error(s), 2 left on base; Havana 3 - Allentown 2
BOTTOM OF THE 8TH
Allentown Hillbillies batting - Pitching for Havana Rollers : RHP Charlie Alexander
Pitching: RHP Alejandro Pérez
Now at 1B: Zhi-huan Loong
Now in LF: Paul Bailey
Batting: LHB Rafael Flores 0-0: Foul Ball, location: 2F
0-1: Foul Ball, location: 2F
0-2: Ball
1-2: Strikes out swinging
Batting: RHB Joel Jackson 0-0: Called Strike
0-1: Ball
1-1: Ball
2-1: Ball
3-1: Foul Ball, location: 2F
3-2: Base on Balls
Pitching: LHP Jorge Gómez
Pinch Hitting: RHB Jimmy Simon 0-0: Sac Bunt - play at first, batter safe!
Joel Jackson to second
Pitching: RHP Bartolo Hernández
Pinch Hitting: LHB Eduardo Rodríguez 0-0: Ball
1-0: Ball
2-0: Ball
3-0: Foul Ball, location: 2F
3-1: Foul Ball, location: 2F
3-2: Grounds into double play, 4-6-3 (Groundball, 4)
Bottom of the 8th over - 0 run(s), 1 hit(s), 0 error(s), 1 left on base; Havana 3 - Allentown 2
TOP OF THE 9TH
Havana Rollers batting - Pitching for Allentown Hillbillies : LHP Alejandro Castillo
Pitching: RHP Dale Downs
Now at 3B: Juan Acevado
Now in LF: Eduardo Rodríguez
Batting: LHB Gyu-sik Yi 0-0: Hit by Pitch
Batting: LHB José Torres 0-0: Bunted foul
0-1: Bunted foul
0-2: Strikes out looking
Batting: LHB Jimmy Husted 0-0: Ball
1-0: Ball
2-0: SINGLE (Line Drive, 7S)
Gyu-sik Yi to second
Pinch Runner at 2nd Dani Gómez:
Batting: RHB Francisco Rincón 0-0: Swinging Strike
0-1: Foul Ball, location: 2F
0-2: Ball
1-2: Strikes out swinging
Batting: LHB Enrique Cortéz 0-0: Ball
1-0: Ball
2-0: Ball
3-0: Called Strike
3-1: Base on Balls
Dani Gómez to third
Jimmy Husted to second
Batting: LHB Zhi-huan Loong 0-0: Ball
1-0: Called Strike
1-1: Foul Ball, location: 2F
1-2: Strikes out swinging
Top of the 9th over - 0 run(s), 1 hit(s), 0 error(s), 3 left on base; Havana 3 - Allentown 2
BOTTOM OF THE 9TH
Allentown Hillbillies batting - Pitching for Havana Rollers : RHP Bartolo Hernández
Pitching: RHP Augusto Muñíz
Now at 2B: Noriaki Oshima
Pinch Hitting: RHB Rubén Vázquez 0-0: Ball
1-0: Swinging Strike
1-1: Ball
2-1: Called Strike
2-2: Foul Ball, location: 2F
2-2: Ball
3-2: Ground out 5-3 (Groundball, 5)
Pinch Hitting: LHB Marcos Vargas 0-0: Called Strike
0-1: Swinging Strike
0-2: Foul Ball, location: 2F
0-2: Foul Ball, location: 2F
0-2: Ball
1-2: Ball
2-2: Foul Ball, location: 2F
2-2: Ball
3-2: Foul Ball, location: 2F
3-2: Fly out, F8 (Line Drive, 8RS)
Batting: RHB Millard Stark 0-0: Fly out, F8 (Flyball, 8LD)
Bottom of the 9th over - 0 run(s), 0 hit(s), 0 error(s), 0 left on base; Havana 3 - Allentown 2
Monday, December 5th, 2016 - OOTP Baseball 17.12 Build 75